 Dungeon Crawl Stone Soup version 0.26.0-10-g1f06aea511 (webtiles) character file.

Game seed: 12436603892038504652

100 Borgoz the Slasher (level 4, 0/38 HPs)
             Began as a Ghoul Gladiator on Jan 30, 2021.
             Slain by a wight
             ... wielding a +2 halberd of venom
              (14 damage)
             ... on level 3 of the Dungeon.
             The game lasted 00:01:46 (2349 turns).

Borgoz the Slasher (Ghoul Gladiator)                Turns: 2349, Time: 00:01:46

Health: 0/38       AC:  4    Str: 17    XL:     4   Next: 74%
Magic:  3/3        EV: 12    Int:  3    God:
Gold:   152        SH:  0    Dex: 11    Spells: 3/3 levels left

rFire    . . .     SeeInvis .   a - +0 long sword
rCold    + . .     Faith    .   (no shield)
rNeg     + + +     Spirit   .   b - +0 leather armour
rPois    ∞         Reflect  .   c - +0 helmet
rElec    .         Harm     .   (no cloak)
rCorr    .         Rampage  .   (no gloves)
Will     .....                  (no boots)
Stlth    ++........             (no amulet)
HPRegen  0.00/turn              o - ring of stealth
MPRegen  0.08/turn              (no ring)

@: no status effects
A: claws 1, cold resistance 1, negative energy resistance 3, inhibited
regeneration, torment resistance, unbreathing
a: no special abilities


You were on level 3 of the Dungeon.
You visited 1 branch of the dungeon, and saw 3 of its levels.

You collected 152 gold pieces.

Inventory:

Hand Weapons
 a - a +0 long sword (weapon)
Missiles
 d - 3 throwing nets (quivered)
Armour
 b - a +0 leather armour (worn)
 c - a +0 helmet (worn)
Jewellery
 o - a ring of stealth (left claw)
Scrolls
 g - a scroll of random uselessness {unknown}
 h - 2 scrolls of teleportation {unknown}
 j - a scroll of immolation {unknown}
 k - 2 scrolls of identify {unknown}
 l - a scroll of fog {unknown}
 m - a scroll of fear {unknown}
 n - a scroll of enchant weapon {unknown}
Potions
 e - a potion of flight {unknown}
 f - 2 potions of ambrosia {unknown}
 i - a potion of berserk rage {unknown}


   Skills:
 + Level 3.0 Fighting
 * Level 3.7 Long Blades
 - Level 1.7 Throwing
 + Level 1.4 Armour
 + Level 3.1 Dodging


You had 3 spell levels left.
You didn't know any spells.
Your spell library was empty.

Dungeon Overview and Level Annotations

Branches:
Dungeon (3/15)

Altars:
Yredelemnul


Innate Abilities, Weirdness & Mutations

You thrive by killing the living.
You are immune to poison.
You have sharp fingernails.
Your flesh is cold resistant. (rC+)
You are immune to negative energy. (rN+++)
You do not regenerate when monsters are visible.
You are immune to unholy pain and torment.
You can survive without breathing.


Message History

You hit the wight.
The wight is moderately damaged.
The wight hits you but does no damage.
You completely miss the wight.
The wight is moderately damaged.
The wight misses you.
You riposte.
You barely miss the wight.
The wight is moderately damaged.
The wight hits you with a +0 short sword.
You barely miss the wight.
The wight is moderately damaged.
The wight barely misses you. The wight completely misses you.
You barely miss the wight.
The wight is moderately damaged.
The wight hits you with a +2 halberd of venom!
The wight hits you with a +0 short sword.
You are too injured to fight recklessly!
You are too injured to fight recklessly!
You are too injured to fight recklessly!
The wight hits you with a +2 halberd of venom!
You die...

... ############# ..
..(.........#######.#
....###'###.##......
....# #.# #.##.....###
....###.###.# .......##.#
....###_..+.# #.z......#
....###.###.####@..z..#
....# #.# #.#....z.......
..(.###+###......####....
.................# #.#
##.....#.######### .
#.........# ##..†......#
...........#####
##.......†.....#


You could see 3 wights.

Vanquished Creatures
  4 adders
  A worm (D:3)
  A dart slug (D:1)
  4 leopard geckos
  2 orcs (D:3)
  6 giant cockroaches
  4 goblins
  3 hobgoblins
  3 jackals (D:2)
  10 kobolds
  A quokka (D:3)
  A ball python (D:3)
  5 bats
  4 frilled lizards
  4 rats
53 creatures vanquished.

Notes
Turn   | Place    | Note
-------+----------+-------------------------------------------
     0 | D:1      | Borgoz the Ghoul Gladiator began the quest for the Orb.
     0 | D:1      | Reached XP level 1. HP: 17/17 MP: 0/0
   309 | D:1      | Reached XP level 2. HP: 14/25 MP: 1/1
   913 | D:1      | Reached XP level 3. HP: 27/30 MP: 2/2
  1171 | D:2      | Reached skill level 1 in Armour
  1380 | D:2      | Found a faded altar of an unknown god.
  1632 | D:2      | Reached XP level 4. HP: 33/37 MP: 3/3
  2240 | D:3      | Found a basalt altar of Yredelemnul.
  2349 | D:3      | Slain by a wight

Illustrated notes

Levels and vault maps discovered:
D:1:      doesnt_arrival_eight_statues, layout_basic
D:2:      layout_basic, chequers_ecumenical_altar_grove, st_stairs_9
D:3:      layout_basic, lemuel_doored_altar,
          nicolae_gozag_cash_rules_everything_around_me

Skill      XL: |  1  2  3  4 |
---------------+-------------+-----
Long Blades    | 3 |  3.7
Armour         | 1 |  1.4
Dodging        | 3 |  3.1
Fighting       | 3 |  3.0
Throwing       | |  1.7

Action                   |  1- 3 |  4- 6 || total
-------------------------+-------+-------++-------
Melee: Long sword        |   121 |    77 ||   198
 Stab: Sleeping          |     2 |     3 ||     5
Armor: Leather armour    |    48 |    14 ||    62
Dodge: Dodged            |    87 |    72 ||   159
       Rpst.: Long sword |    27 |    23 ||    50
